General information
- name: BNet
- type: Ladder 1vs1/FFA
- host: Battle.net
- saver: YOUPOOPOOHEAD
map: SecretValley
- players: 2
- length: 10:47
- speed: Fast
- version: 1.24 W3XP
- replay type: Public
» download(52 KB)
Players
team 1 (winner)
YOUPOOPOOHEAD (
purple | 230 APM | 2484 actions | 10:47)
3 Death Knight 2 Death Coil
1 Unholy Aura
2 Naga Sea Witch 1 Frost Arrows
1 Forked Lightning
1 Lich 1 Frost Nova
» actions
Assign group hotkey | 51 | |
Basic commands | 88 | |
Build / train | 49 | |
Enter build submenu | 10 | |
Enter hero's abilities submenu | 6 | |
Give item / drop item | 5 | |
Remove unit from queue | 1 | |
Right click | 1075 | |
Select / deselect | 279 | |
Select group hotkey | 840 | |
Use ability | 80 | |
2484 total
» units
Acolyte | 3 | |
Ghoul | 2 | |
Crypt Fiend | 5 | |
Obsidian Statue | 2 | |
12 total
» upgrades
» buildings
Altar of Darkness | 1 | |
Ziggurat | 4 | |
Crypt | 1 | |
Tomb of Relics | 1 | |
Graveyard | 1 | |
Halls of the Dead | 3 | |
Black Citadel | 1 | |
Slaughterhouse | 2 | |
14 total
» build order
00:06 Altar of Darkness
00:07 Ziggurat
00:35 Crypt
01:00 Tomb of Relics
01:16 Graveyard
03:04 Halls of the Dead
03:04 Halls of the Dead
03:06 Ziggurat
05:27 Black Citadel
06:09 Slaughterhouse
06:11 Ziggurat
07:44 Ziggurat
09:43 Slaughterhouse
» items
Dust of Appearance | 1 | |
Rod of Necromancy | 2 | |
Boots of Speed | 5 | |
Orb of Corruption | 2 | |
10 total
team 2 (loser)
HumanKingTomViP (
pink | 107 APM | 1157 actions | 10:46)
3 Archmage 2 Summon Water Elemental
1 Brilliance Aura
» actions
Assign group hotkey | 41 | |
Basic commands | 7 | |
Build / train | 58 | |
Enter build submenu | 21 | |
Enter hero's abilities submenu | 3 | |
Remove unit from queue | 1 | |
Right click | 555 | |
Select / deselect | 184 | |
Select group hotkey | 243 | |
Use ability | 44 | |
1157 total
» units
» upgrades
» buildings
Altar of Kings | 1 | |
Barracks | 1 | |
Farm | 6 | |
Scout Tower | 9 | |
Arcane Tower | 1 | |
Lumber Mill | 1 | |
Guard Tower | 4 | |
Town Hall | 1 | |
Keep | 1 | |
Arcane Vault | 1 | |
26 total
» build order
00:05 Altar of Kings
00:09 Barracks
00:21 Farm
00:50 Farm
01:45 Scout Tower
01:55 Farm
02:20 Arcane Tower
03:41 Farm
03:43 Lumber Mill
04:23 Scout Tower
04:46 Scout Tower
04:50 Guard Tower
05:10 Guard Tower
06:18 Town Hall
06:27 Scout Tower
07:21 Guard Tower
07:59 Farm
08:11 Scout Tower
08:14 Scout Tower
08:17 Farm
08:29 Scout Tower
08:54 Scout Tower
08:56 Scout Tower
09:05 Guard Tower
09:36 Keep
09:48 Arcane Vault
09:53 Guard Tower
» items
Chat log
(00:12 / All) HumanKingTomViP: oh shut up
(00:22 / All) YOUPOOPOOHEAD: sorry i dont respond to ur type of heads
(00:28 / All) YOUPOOPOOHEAD: Cept i just did
(00:29 / All) HumanKingTomViP: oh really
(00:30 / All) HumanKingTomViP: why
(02:33 / All) HumanKingTomViP: sorry
(03:12 / All) YOUPOOPOOHEAD: i rly forgot skell
(03:16 / All) YOUPOOPOOHEAD: wowza
(03:17 / All) HumanKingTomViP: lol
(03:19 / All) HumanKingTomViP: noob
(03:36 / All) YOUPOOPOOHEAD: right?
(10:32 / All) HumanKingTomViP: well i sucked
(10:32 / All) HumanKingTomViP: gg
(10:36 / All) YOUPOOPOOHEAD: Gg